 Dungeon Crawl Stone Soup version 0.29-a0-872-g797fff5ad1 (webtiles) character file.

Game seed: 1718848948117012494

177 Ajdolov the Shooter (level 5, 0/41 HPs)
             Began as a Ghoul Hunter on July 18, 2022.
             Slain by a jackal (1 damage)
             ... on level 4 of the Dungeon.
             The game lasted 00:03:28 (2841 turns).

Ajdolov the Shooter (Ghoul Hunter)                  Turns: 2841, Time: 00:03:29

Health: 0/41       AC:  3    Str: 15    XL:     5   Next: 57%
Magic:  4/4        EV: 11    Int:  4    God:
Gold:   224        SH:  0    Dex: 14    Spells: 4/4 levels left

rFire   . . .      SeeInvis .   a - +0 shortbow
rCold   + . .      Faith    .   (shield currently unavailable)
rNeg    + + +      Spirit   .   c - +0 leather armour
rPois   ∞          Reflect  .   (no helmet)
rElec   .          Harm     .   (no cloak)
rCorr   .          Rampage  .   (no gloves)
Will    .....                   (no boots)
Stlth   +.........              (no amulet)
HPRegen 0.00/turn               (no ring)
MPRegen 0.09/turn               (no ring)

@: inhibited regen
A: claws 1, cold resistance 1, negative energy resistance 3, inhibited
regeneration, torment resistance 2, devour on kill
a: no special abilities


You were on level 4 of the Dungeon.
You visited 1 branch of the dungeon, and saw 4 of its levels.

You collected 224 gold pieces.

Inventory:

Hand Weapons
 a - a +0 shortbow (weapon)
Armour
 c - a +0 leather armour (worn)
Wands
 m - a wand of digging (5)
Scrolls
 b - a scroll of immolation
 d - a scroll of amnesia {unknown}
 f - 4 scrolls of identify {unknown}
 j - a scroll of teleportation {unknown}
Potions
 e - a potion of curing {unknown}
 g - 2 potions of heal wounds {unknown}
 h - 2 potions of invisibility {unknown}
 i - a potion of mutation {unknown}
 k - a potion of might {unknown}
 l - a potion of attraction {unknown}


   Skills:
 - Level 2.1 Fighting
 * Level 6.1 Ranged Weapons
 - Level 1.7 Dodging
 - Level 1.1 Stealth


You had 4 spell levels left.
You didn't know any spells.
Your spell library contained the following spells:

 Spells                   Type           Power      Damage    Failure   Level
 Summon Small Mammal      Summ           0%         N/A       56%         1
 Ensorcelled Hibernation  Hex/Ice        0%         N/A       71%         2
 Call Canine Familiar     Summ           0%         N/A       91%         3
 Summon Guardian Golem    Hex/Summ       0%         N/A       91%         3
 Anguish                  Hex/Necr       0%         N/A       100%        4
 Spider Form              Tmut/Pois      Unusable   N/A       N/A         3

Dungeon Overview and Level Annotations

Branches:
Dungeon (4/15)
 Temple: D:4-7

Altars:
Fedhas


Innate Abilities, Weirdness & Mutations

You are immune to poison.
You have sharp fingernails.
Your flesh is cold resistant. (rC+)
You are immune to negative energy. (rN+++)
You do not regenerate when monsters are visible.
You are immune to unholy pain and torment.
You thrive by killing the living.


Message History

The jackal is moderately wounded.
The jackal misses you. The jackal bites you.
* * * LOW HITPOINT WARNING * * *
The jackal closely misses you. The jackal misses you. The jackal bites you.
* * * LOW HITPOINT WARNING * * *
The jackal misses you. The jackal barely misses you. The jackal misses you.
Fire: a) +0 shortbow
Press: ? - help, Q - select action Shift-Dir - straight line, f/p - jackal
Aim: a jackal (moderately wounded, 56% to hit)
You shoot an arrow. The arrow closely misses the jackal. x2
The arrow hits the plant!
The plant begins to die.
The plant is lightly damaged.
The jackal completely misses you. The jackal closely misses you.
The jackal barely misses you.
Fire: a) +0 shortbow
Press: ? - help, Q - select action Shift-Dir - straight line, f/p - jackal
Aim: a jackal (moderately wounded, 56% to hit)
You shoot an arrow. The arrow hits the jackal!
You kill the jackal!
You feel better. The jackal misses you. The jackal bites you.
* * * LOW HITPOINT WARNING * * *
The jackal misses you.
The jackal bites you but does no damage.
The jackal attacks as you move away!
The jackal bites you but does no damage.
Fire: a) +0 shortbow
Press: ? - help, Q - select action Shift-Dir - straight line, f - jackal
Aim: a jackal (56% to hit)
You shoot an arrow. The arrow closely misses the jackal.
The jackal barely misses you. The jackal closely misses you.
Unknown command.
Fire: a) +0 shortbow
Press: ? - help, Q - select action Shift-Dir - straight line, f/p - jackal
Aim: a jackal (56% to hit)
You shoot an arrow.
The arrow hits the jackal but does no damage.
The jackal bites you.
You die...

#....≈≈ .# #....≈≈###'#
#....≈≈#...############
#....≈≈#gog#...........
#....≈≈#####≈≈≈≈≈≈≈≈≈≈≈
#....≈≈≈≈≈≈≈≈≈≈≈≈≈≈≈≈≈≈
#....≈≈≈≈≈≈≈≈≈≈≈≈≈≈≈≈≈h
#.....hh.†.†...P.......
#.....@P..............h
#######################


You could see a gnoll, an orc and 2 jackals.

Vanquished Creatures
  A howler monkey (D:4)
  An orc wizard (D:3)
  3 adders
  2 worms
  A dart slug (D:3)
  6 orcs (D:3)
  5 ball pythons
  8 bats
  3 endoplasms
  A giant cockroach (D:1)
  9 goblins
  4 hobgoblins
  7 jackals
  6 kobolds
  3 quokkas
  2 frilled lizards
  8 rats
70 creatures vanquished.

Vanquished Creatures (others)
  A plant (D:4)
1 creature vanquished.

Grand Total: 71 creatures vanquished

Notes
Turn   | Place    | Note
-------+----------+-------------------------------------------
     0 | D:1      | Ajdolov the Ghoul Hunter began the quest for the Orb.
     0 | D:1      | Reached XP level 1. HP: 17/17 MP: 0/0
    78 | D:1      | Found a faded altar of an unknown god.
    89 | D:1      | Reached skill level 4 in Ranged Weapons
    89 | D:1      | Reached XP level 2. HP: 20/24 MP: 1/1
   403 | D:1      | Reached XP level 3. HP: 29/29 MP: 2/2
  1551 | D:3      | Reached skill level 5 in Ranged Weapons
  1551 | D:3      | Reached XP level 4. HP: 36/36 MP: 3/3
  2143 | D:3      | Reached XP level 5. HP: 10/41 MP: 4/4
  2676 | D:4      | Noticed an ogre
  2710 | D:4      | Found a blossoming altar of Fedhas.
  2825 | D:4      | Reached skill level 6 in Ranged Weapons
  2834 | D:4      | HP: 1/41 [jackal (2)]
  2841 | D:4      | Slain by a jackal

Illustrated notes

Levels and vault maps discovered:
D:1:      dpeg_arrival_ternary, layout_loops_ring,
          hellmonk_ecumenical_altar_arch_garden
D:2:      layout_loops_ring
D:3:      layout_loops_cross
D:4:      lemuel_castle_with_subvaults [lemuel_castle_interior_carwin_1],
          layout_loops_ring, grunt_temple_overflow_open

Skill      XL: |  1  2  3  4  5 |
---------------+----------------+-----
Ranged Weapons | 4 5 6 |  6.1
Fighting       | |  2.1
Dodging        | |  1.7
Stealth        | |  1.1

Action                   |  1- 3 |  4- 6 || total
-------------------------+-------+-------++-------
 Fire: Shortbow          |   113 |   123 ||   236
Armor: Leather armour    |    21 |    31 ||    52
Dodge: Dodged            |    36 |    93 ||   129

Table legend: (Time is in decaauts)
 A = Elapsed time spent in this place.
 B = Non-inter-level travel time spent in this place.
 C = Inter-level travel time spent in this place.
 D = Time resting spent in this place.
 E = Time spent auto-exploring this place.
 F = Levels seen in this place.
 G = Mean time per level.
                   A        B        C        D        E       F      G
               +--------+--------+--------+--------+--------+-----+--------+
         Total |   2908 |   2828 |     80 |    236 |   2091 |   4 |  727.0 |
       Dungeon |   2908 |   2828 |     80 |    236 |   2091 |   4 |  727.0 |
               +--------+--------+--------+--------+--------+-----+--------+

Top non-repeatable levels by time:
     D:3: 1209 daAuts
     D:1: 769 daAuts
     D:2: 762 daAuts
     D:4: 167 daAuts
